 Dungeon Crawl Stone Soup version 0.20.1-1-g8b1a95d (webtiles) character file.

9533 ToXeye the Basher (level 11, -2/68 HPs)
             Began as a Gargoyle Fighter on July 21, 2017.
             Was a Priest of Makhleb.
             Killed from afar by a shock serpent (7 damage)
             ... with a bolt of electricity
             ... on level 1 of the Snake Pit on July 22, 2017.
             The game lasted 00:44:58 (6806 turns).

ToXeye the Basher (Gargoyle Fighter)                Turns: 6806, Time: 00:44:59

Health: -2/68      AC: 14    Str: 25    XL:     11   Next: 48%
Magic:  6/11       EV: 14    Int:  9    God:    Makhleb [***...]
Gold:   417        SH: 12    Dex: 16    Spells: 10/10 levels left

rFire    . . .     SeeInvis .   C - +6 flail (protect)
rCold    . . .     Gourm    .   c - +0 shield
rNeg     + . .     Faith    .   D - +2 leather armour {rPois}
rPois    ∞         Spirit   .   u - +0 helmet
rElec    +         Reflect  .   (no cloak)
rCorr    +         Harm     .   (no gloves)
MR       .....                  (no boots)
Stlth    ++........             (no amulet)
Regen    0.3/turn               A - ring of resist corrosion
MPRegen  0.2/turn               r - +4 ring of dexterity

@: mighty, about to teleport
A: negative energy resistance 1, electricity resistance, unbreathing,
petrification resistance, rot immunity, AC +7
a: Minor Destruction, Lesser Servant of Makhleb, Renounce Religion


You were on level 1 of the Snake Pit.
You worshipped Makhleb.
Makhleb was most pleased with you.
You were full.

You visited 3 branches of the dungeon, and saw 11 of its levels.

You collected 417 gold pieces.

Inventory:

Hand Weapons
 g - a +0 dagger
 m - a +0 dagger
 q - a +1 dagger of venom
 C - a +6 flail of protection (weapon)
Armour
 c - a +0 shield (worn)
 u - a +0 helmet (worn)
 D - a +2 leather armour of poison resistance (worn)
 M - a +2 helmet
Jewellery
 a - an uncursed ring of stealth
 n - a cursed -3 ring of evasion {unknown}
 r - a +4 ring of dexterity (right hand)
 A - a ring of resist corrosion (left hand)
 L - an uncursed ring of see invisible {unknown}
 O - an uncursed ring of ice {unknown}
Wands
 e - a wand of digging (8/24)
 z - a wand of polymorph (0/24)
 I - a wand of random effects (10/48)
 Q - a wand of lightning (4/15)
 R - a wand of random effects (25/48)
Scrolls
 d - a scroll of noise {unknown}
 i - 5 scrolls of remove curse {unknown}
 j - a scroll of recharging {unknown}
 k - a scroll of enchant armour {unknown}
 l - 2 scrolls of teleportation
 p - a scroll of enchant weapon {unknown}
 s - 3 scrolls of fear
 x - 3 scrolls of magic mapping {unknown}
 y - 3 scrolls of blinking {unknown}
 E - a scroll of summoning {unknown}
 G - 3 scrolls of amnesia {unknown}
 N - a scroll of identify
Potions
 b - 4 potions of lignification {unknown}
 o - a potion of resistance {unknown}
 t - 2 potions of flight {unknown}
 v - a potion of might
 F - 3 potions of brilliance {unknown}
 H - 2 potions of mutation {unknown}
 J - a potion of magic {unknown}
 P - a potion of heal wounds {unknown}
 T - a potion of berserk rage {unknown}
Books
 S - a book of the Earth

   Spells                             Type                      Level
   a - Leda's Liquefaction            Hexes/Earth                  4
   b - Bolt of Magma                  Conjuration/Fire/Earth       5
   c - Statue Form                    Transmutation/Earth          6
   d - Iron Shot                      Conjuration/Earth            6
   e - Shatter                        Earth                        9
Comestibles
 f - 8 bread rations
 h - 4 meat rations
 w - 3 fruits
 K - 4 royal jellies


   Skills:
 + Level 8.2 Fighting
 + Level 11.2 Maces & Flails
 + Level 0.1 Throwing
 + Level 5.9 Armour
 + Level 5.9 Dodging
 + Level 2.2 Stealth
 + Level 9.4 Shields
 + Level 0.8 Evocations


You had 10 spell levels left.
You didn't know any spells.

Dungeon Overview and Level Annotations

Branches:
Dungeon (8/15)             Temple (0/1) D:5            Lair (2/6) D:8
  Snake (1/4) Lair:2
  Swamp: Lair:2-4    Shoals: Lair:2-4

Altars:
Elyvilon
Fedhas
Makhleb
Vehumet
Zin
The Shining One

Shops:
D:7 =

Annotations:
D:6 exclusion: oklob plant


Innate Abilities, Weirdness & Mutations

You are resistant to torment.
Your stone body is resilient. (AC +7)
You are immune to poison.
You resist negative energy. (rN+)
You are resistant to electric shocks. (rElec)
You can survive without breathing.
You are immune to petrification.
You are immune to rotting.


Message History

The shock serpent is almost dead.
The shock serpent bites you but does no damage.
The shock serpent shoots out a bolt of lightning at you!
The bolt of electricity hits you! You resist.
* * * LOW HITPOINT WARNING * * *
A naga comes into view. It is wielding a mace.
You feel better.
The shock serpent shoots out a bolt of lightning at you!
The bolt of electricity misses you.
As you read the scroll of teleportation, it crumbles to dust.
You feel strangely unstable.
The shock serpent shoots out a bolt of lightning at you!
The bolt of electricity hits you! You resist.
* * * LOW HITPOINT WARNING * * *
The shock serpent barely misses you.
The shock serpent shoots out a bolt of lightning at you!
The bolt of electricity hits the shock serpent.
The shock serpent completely resists.
The bolt of electricity hits you! You resist.
You die...

##### #...# #...# +...+
#...# #...#
########N..##..
#...@S.S...N.....
#######.#############+#
...............
#######.#....## ###
###'###..# #<#
#.....#..#####.#
#.....'.....##.######..
#.....##.....#.........
#.....##.....##..#####.


You could see 2 shock serpents and 2 nagas.

Vanquished Creatures
  Urug (Lair:2)
  A mana viper (Snake:1)
  3 black mambas
  A spiny frog (Lair:2)
  A komodo dragon (Lair:1)
  The ghost of Heedrag the Changer, a novice VSTm (D:6)
  Grinder (D:6)
  3 hippogriffs
  9 yaks (Lair:1)
  The ghost of Heedrag the Ruffian, an amateur VSTm (D:4)
  4 hogs (D:7)
  Grum (D:8)
  The ghost of tschems the Skirmisher, an amateur HuFi (D:3)
  A human (D:7)
  Menkaure (D:6)
  3 nagas
  2 wargs (D:8)
  A porcupine (Lair:1)
  2 water moccasins (Lair:1)
  An ice beast (D:6)
  An orc warrior (D:8)
  An ogre (D:8)
  6 wolves
  3 centaurs
  3 crocodiles
  A big kobold (Lair:1)
  5 bullfrogs
  A wyvern skeleton (D:8)
  2 scorpions
  3 wights (D:7)
  A howler monkey (D:8)
  A centaur zombie (D:8)
  4 crimson imps
  2 hounds
  3 orc priests
  2 centaur skeletons
  3 orc wizards (D:3)
  An iguana (D:6)
  6 worker ants
  A hound zombie (D:8)
  3 gnolls (D:4)
  6 adders
  2 oozes (D:1)
  2 worms
  2 dart slugs
  A leopard gecko (D:2)
  18 orcs
  12 bats
  3 giant cockroaches
  8 hobgoblins
  9 jackals
  2 quokkas
  2 frilled lizards
  8 goblins
  7 kobolds
  3 rats
177 creatures vanquished.

Vanquished Creatures (others)
  A giant cockroach (D:3)
  A quokka (D:3)
  A frilled lizard (D:3)
  2 kobolds (D:3)
5 creatures vanquished.

Grand Total: 182 creatures vanquished

Notes
Turn   | Place    | Note
-------+----------+-------------------------------------------
     0 | D:1      | ToXeye the Gargoyle Fighter began the quest for the Orb.
     0 | D:1      | Reached XP level 1. HP: 14/14 MP: 1/1
    63 | D:1      | Reached XP level 2. HP: 17/19 MP: 2/2
   352 | D:1      | Reached XP level 3. HP: 24/24 MP: 3/3
   506 | D:1      | You fall through a shaft!
  1217 | D:2      | Reached XP level 4. HP: 27/29 MP: 4/4
  1472 | D:3      | Noticed a bullfrog
  1480 | D:3      | Killed a bullfrog
  1480 | D:3      | Reached skill level 3 in Maces & Flails
  1480 | D:3      | Reached XP level 5. HP: 25/33 MP: 5/5
  1536 | D:3      | Noticed tschems's ghost (amateur HuFi)
  1967 | D:3      | Found a radiant altar of Vehumet.
  1994 | D:3      | Killed tschems's ghost
  1994 | D:3      | Reached skill level 4 in Maces & Flails
  1994 | D:3      | Reached skill level 1 in Dodging
  1994 | D:3      | Reached XP level 6. HP: 11/38 MP: 6/6
  2064 | D:3      | Found a white marble altar of Elyvilon.
  2288 | D:3      | Found a burning altar of Makhleb.
  2293 | D:3      | Found a glowing silver altar of Zin.
  2294 | D:3      | Noticed an Executioner
  2294 | D:3      | Noticed an angel
  2301 | D:3      | Became a worshipper of Makhleb the Destroyer
  2728 | D:4      | Noticed Heedrag's ghost (amateur VSTm)
  2738 | D:4      | Killed Heedrag's ghost
  2738 | D:4      | Reached skill level 5 in Maces & Flails
  2738 | D:4      | Reached skill level 5 in Shields
  2738 | D:4      | Reached XP level 7. HP: 26/44 MP: 7/7
  2859 | D:4      | Reached * piety under Makhleb
  3433 | D:5      | Entered Level 5 of the Dungeon
  3476 | D:5      | Found a glowing golden altar of the Shining One.
  3523 | D:5      | Noticed Edmund
  3545 | D:5      | Noticed Edmund
  3545 | D:5      | Edmund changed into Edmund the water moccasin
  3604 | D:5      | Noticed Edmund
  3604 | D:5      | Edmund the water moccasin changed into Edmund the crocodile
  3891 | D:5      | Reached XP level 8. HP: 37/48 MP: 8/8
  3899 | D:5      | Killed Edmund the crocodile
  3899 | D:5      | Reached skill level 6 in Maces & Flails
  3943 | D:5      | Found a staircase to the Ecumenical Temple.
  4159 | D:6      | Noticed Heedrag's ghost (novice VSTm)
  4179 | D:6      | Killed Heedrag's ghost
  4179 | D:6      | Reached skill level 5 in Fighting
  4179 | D:6      | Reached skill level 5 in Armour
  4352 | D:6      | Reached ** piety under Makhleb
  4557 | D:6      | Noticed Menkaure
  4566 | D:6      | Killed Menkaure
  4639 | D:6      | Found a blossoming altar of Fedhas.
  4655 | D:6      | Noticed an oklob plant
  4787 | D:6      | Reached skill level 7 in Maces & Flails
  4787 | D:6      | Reached skill level 1 in Stealth
  4793 | D:6      | Noticed Grinder
  4807 | D:6      | Killed Grinder
  4807 | D:6      | Reached XP level 9. HP: 51/54 MP: 9/9
  5021 | D:7      | Reached skill level 8 in Maces & Flails
  5115 | D:7      | Found Vypasangesch's Jewellery Boutique.
  5244 | D:8      | Noticed Grum
  5272 | D:8      | Killed Grum
  5272 | D:8      | Reached XP level 10. HP: 43/61 MP: 10/10
  5418 | D:8      | Reached skill level 9 in Maces & Flails
  5432 | D:8      | Found a staircase to the Lair.
  5503 | D:8      | Reached *** piety under Makhleb
  5522 | Lair:1   | Entered Level 1 of the Lair of Beasts
  5748 | Lair:1   | Noticed a black mamba
  5759 | Lair:1   | Killed a black mamba
  5759 | Lair:1   | Reached skill level 10 in Maces & Flails
  5935 | Lair:1   | Reached skill level 5 in Dodging
  6326 | Lair:1   | Reached XP level 11. HP: 68/68 MP: 11/11
  6527 | Lair:2   | Noticed Urug
  6542 | Lair:2   | Killed Urug
  6542 | Lair:2   | Reached skill level 11 in Maces & Flails
  6683 | Lair:2   | Found a staircase to the Snake Pit.
  6724 | Snake:1  | Entered Level 1 of the Snake Pit
  6733 | Snake:1  | Noticed a mana viper
  6748 | Snake:1  | Killed a mana viper
  6779 | Snake:1  | Noticed a shock serpent
  6789 | Snake:1  | Noticed a shock serpent
  6800 | Snake:1  | HP: 3/68 [shock serpent/electric aura (8)]
  6806 | Snake:1  | Killed from afar by a shock serpent

Skill      XL: |  1  2  3  4  5  6  7  8  9 10 11 |
---------------+----------------------------------+-----
Fighting       | 4 5 6 7 8 |  8.2
Maces & Flails | 3 4 5 7 8 10 11 | 11.2
Shields        | 4 5 6 7 8 9 |  9.4
Armour         | 4 5 |  5.9
Dodging        | 1 3 4 5 |  5.9
Stealth        | 1 2 |  2.2
Throwing       | |  0.1
Evocations     | |  0.8

Action                   |  1- 3 |  4- 6 |  7- 9 | 10-12 || total
-------------------------+-------+-------+-------+-------++-------
Melee: Flail             |   137 |   136 |   363 |   274 ||   910
Throw: Stone             |    16 |       |       |       ||    16
       Throwing net      |       |       |     2 |       ||     2
Evoke: Wand              |       |       |     2 |     2 ||     4
  Use: Scroll            |       |     2 |     3 |     1 ||     6
       Potion            |       |     1 |     1 |     4 ||     6
 Stab: Sleeping          |       |       |       |     1 ||     1
  Eat: Meat ration       |     1 |     2 |       |     2 ||     5
Armor: Scale mail        |   148 |   115 |   107 |       ||   370
       Leather armour    |       |       |    62 |    87 ||   149
Dodge: Dodged            |    68 |    70 |   151 |   138 ||   427
Block: Shield            |    93 |   109 |   222 |   158 ||   582
